Unix NetHack Version 3.7.0-101 Work-in-progress - last build Mar 4 2024 13:34:30 (3c4ac04b664b9ee0831c739617f054b5b60dbfd1,branch:master). Game began 2024-03-10 12:38:46, ended 2024-03-10 12:45:22. Cloudmillion, lawful female human Valkyrie -.------ ---------- +......| ##+.(....... # ### |......| # |........| #### |.......# ####..........##### ####...<...|# # #---------- --------# # ## # # # # # ## # # ######### # #----|- --.------- # #|....| |.........################### #.....| |........| # # |....| |...\.....## #@h# |....| |(.......| # ------ ..........)%%##)# ---------- Cloudmillion the Skirmisher St:18 Dx:13 Co:18 In:9 Wi:10 Ch:9 Lawful Dlvl:5 $:107 HP:0(41) Pw:13(13) AC:5 Xp:4 T:1266 Latest messages: The bat bites! You kill the bat! Fury picks up an orcish dagger. You hit the gnomish wizard! Fury drops an orcish dagger. The gnomish wizard points all around, then curses. You miss the gnomish wizard. The orcish dagger misses the gnomish wizard. You are hit by an orcish dagger. The gnomish wizard points at you, then curses. You hit the gnomish wizard! The gnomish wizard points at you, then curses. You miss the gnomish wizard. The gnomish wizard points all around, then curses. You miss the gnomish wizard. Fury bites it. The gnomish wizard points all around, then curses. You kill the gnomish wizard! Welcome to experience level 4. The gnome lady hits! You hit the gnome lady! The gnome lady hits! You miss the gnome lady. The gnome lady hits! You miss the gnome lady. The gnome lady shoots an arrow! The arrow hits the gnome! The gnome is killed! You kill the gnome lady! You see here a gnome lady corpse. The bugbear picks up 2 orcish daggers. The hobgoblin picks up a brown potion. You hit the gnome lady! The hobgoblin drinks a brown potion! The hobgoblin looks completely healed. You hit the gnome lady! It is missed. An orcish dagger misses you. You kill the gnome lady! It is missed. You are hit by an orcish dagger. You kill the kobold! The dwarf queen swings her mace. The dwarf queen hits! You die... Do you want your possessions identified? [ynq] (y) y Do you want to see your attributes? [ynq] (y) y Do you want an account of creatures vanquished? [ynaq] (y) y Do you want to see your conduct and achievements? [ynq] (y) y Do you want to see the dungeon overview? [ynq] (y) y Inventory: Coins $ - 107 gold pieces Weapons b - a +0 dagger a - a +1 spear (weapon in right hand) Armor s - an uncursed +0 pair of high boots k - an uncursed +0 pair of water walking boots (being worn) c - an uncursed +3 small shield (being worn) Comestibles t - an uncursed cream pie d - an uncursed food ration n - an uncursed lembas wafer o - an uncursed tripe ration h - an uncursed egg Scrolls j - an uncursed scroll of confuse monster Potions p - 2 uncursed potions of healing g - an uncursed potion of water Tools e - an uncursed oil lamp Gems/Stones q - an uncursed worthless piece of blue glass m - an uncursed worthless piece of green glass Cloudmillion the Valkyrie's attributes: Background: You were a Skirmisher, a level 4 human Valkyrie. You were lawful, on a mission for Tyr who was opposed by Odin (neutral) and Loki (chaotic). You were right-handed. You were in the Dungeons of Doom, on level 5. You entered the dungeon 1266 turns ago. There was a new moon in effect when your adventure ended. You had 126 experience points, 34 more were needed to attain level 5. Basics: You had 0 out of 41 hit points. You had all 13 energy points (spell power). Your armor class was 5. Your wallet contained 107 zorkmids. Autopickup was off. Final Characteristics: Your strength was 18 (limit:18/100). Your dexterity was 13 (limit:18). Your constitution was 18 (limit:18). Your intelligence was 9 (limit:18). Your wisdom was 10 (limit:18). Your charisma was 9 (limit:18). Final Status: You weren't hungry. You were unencumbered. You were wielding a spear. You had basic skill with spear. Final Attributes: You were devoutly aligned. You were cold resistant. You were poison resistant. You were stealthy. You could walk on water. You are dead. Miscellaneous: You never encountered a bones level. Total elapsed playing time was 6 minutes and 35 seconds. Major events: Turn 1: Cloudmillion the lawful human Valkyrie entered the dungeon 462: entered the Gnomish Mines 1023: attained the rank of Skirmisher (level 3) 1266: killed by a dwarf queen Vanquished creatures: a bugbear a shrieker 2 gnome leaders a gnomish wizard 2 acid blobs a red mold a gnome a gecko 2 jackals 4 kobolds 3 goblins 3 grid bugs 2 bats a lichen 3 newts 28 creatures vanquished. No species were genocided or became extinct. Voluntary challenges: You followed a strict vegan diet. You read items or engraved 1 time. You never engraved Elbereth. You never genocided any monsters. You never polymorphed an object. You never changed form. You used no wishes. Achievements: You entered the Gnomish Mines. You entered a shop. You attained the rank of Skirmisher. The Dungeons of Doom: levels 1 to 5 Level 1: An altar, some fountains. Level 2: An altar. Level 3: Some fountains. Stairs down to The Gnomish Mines. Level 4: Level 5: <- You were here. A throne. Final resting place for you, killed by a dwarf queen. The Gnomish Mines: Level 4: Game over: ---------- / \ / REST \ / IN \ / PEACE \ / \ | Cloudmillion | | 107 Au | | killed by a | | dwarf queen | | | | | | 2024 | *| * * * | * _________)/\\_//(\/(/\)/\//\/|_)_______ Farvel Cloudmillion the Valkyrie... You died in The Dungeons of Doom on dungeon level 5 with 811 points, and 107 pieces of gold, after 1266 moves. You were level 4 with a maximum of 41 hit points when you died.